 Dungeon Crawl Stone Soup version 0.31-a0-4-gefa6de2278 (webtiles) character file.

Game seed: 3350400858011758916

292 RascalDebosk the Magician (level 6, -1/47 HPs)
             Began as a Djinni Fire Elementalist on May 2, 2023.
             Slain by an iguana (12 damage)
             ... on level 4 of the Dungeon on May 3, 2023.
             The game lasted 00:30:42 (2892 turns).

RascalDebosk the Magician (DjFE)                    Turns: 2892, Time: 00:30:43

Health: -1/47      AC:  4    Str:  7    XL:     6   Next: 59%
Gold:   124        EV: 11    Int: 19    God:
                   SH:  5    Dex: 13

rFire   + + .        c - +1 dagger (venom)
rCold   x . .        (no shield)
rNeg    . . .        i - +0 leather armour
rPois   ∞            q - +0 helmet
rElec   .            (no cloak)
rCorr   .            (no gloves)
SInv    .            (boots unavailable)
Will    .....        h - amulet of reflection
Stlth   ++           (no ring)
HPRegen 0.27/turn    (no ring)
MPRegen 0.00/turn

%: reflection, infuse magic (-2 HP)
@: flying, very slightly contaminated
A: sickness immunity, fire resistance 2, cold vulnerability 1, float, innate
caster, HP casting, extra vitality 1
a: no special abilities


You were on level 4 of the Dungeon.
You visited 1 branch of the dungeon, and saw 4 of its levels.

You collected 124 gold pieces.

Inventory:

Hand Weapons
 c - a +1 dagger of venom (weapon)
 s - a +0 dagger
Armour
 a - a +0 robe
 i - a +0 leather armour (worn)
 n - a +0 chain mail
 q - a +0 helmet (worn)
Jewellery
 h - an amulet of reflection (around neck)
Wands
 m - a wand of roots (24)
Scrolls
 b - 2 scrolls of identify {unknown}
 f - a scroll of torment {unknown}
 g - 2 scrolls of immolation {unknown}
 j - a scroll of poison {unknown}
 k - a scroll of enchant weapon {unknown}
 o - a scroll of teleportation {unknown}
 p - a scroll of magic mapping {unknown}
 r - a scroll of enchant armour {unknown}
 t - a scroll of fog {unknown}
Potions
 d - a potion of might {unknown}
 e - a potion of brilliance {unknown}
 l - 3 potions of curing {unknown}


   Skills:
 * Level 3.6 Fighting
 + Level 2.5 Armour
 - Level 2.1 Dodging
 - Level 1.5 Stealth
 * Level 3.8 Spellcasting


You knew the following spells:

 Your Spells              Type           Power      Damage    Failure   Level
a - Foxfire               Conj/Fire      72%        2x1d7     4%          1
b - Scorch                Fire           36%        2d6       6%          2
c - Volatile Blastmotes   Fire/Tloc      36%        2d13      13%         3
d - Inner Flame           Hex/Fire       18%        N/A       13%         3
e - Flame Wave            Conj/Fire      18%        2d7       38%         4
f - Summon Small Mammal   Summ           72%        N/A       4%          1
g - Static Discharge      Conj/Air       36%        2-4/arc   6%          2
Your spell library was empty.

Dungeon Overview and Level Annotations

Branches:
Dungeon (4/15)
 Temple: D:4-7

Altars:
The Shining One

Shops:
D:3 [(


Innate Abilities, Weirdness & Mutations

You are immune to sickness and miasma.
You are immune to poison.
Your flesh is very heat resistant. (rF++)
You are vulnerable to cold. (rC-)
You float through the air rather than walking.
You learn spells naturally, not from books.
Your magical power is your life essence.
You have superior vitality. (+4 MHP)


Message History

You reach down and open the door.
There is an open door here.
A goblin comes into view. It is wielding a +0 club.
Casting: Foxfire (safe; 4% risk of failure)
Confirm with . or Enter, or press ? or * to list all spells.
You conjure some foxfire!
The goblin shouts!
Casting: Foxfire (safe; 4% risk of failure)
Confirm with . or Enter, or press ? or * to list all spells.
You conjure some foxfire!
The foxfire hits the goblin.
You kill the goblin!
Your foxfire dissipates!
Your foxfire dissipates! x2
Found a stone staircase leading down.
Found a leather armour.
Found a stone staircase leading up.
An adder comes into view.
Casting: Foxfire (safe; 4% risk of failure)
Confirm with . or Enter, or press ? or * to list all spells.
You conjure some foxfire!
Casting: Foxfire (safe; 4% risk of failure)
Confirm with . or Enter, or press ? or * to list all spells.
You conjure some foxfire!
The adder hisses angrily.
The foxfire hits the adder.
The adder is heavily wounded.
The foxfire hits the adder.
The adder is almost dead.
Casting: Foxfire (safe; 4% risk of failure)
Confirm with . or Enter, or press ? or * to list all spells.
You conjure some foxfire!
The foxfire hits the adder.
You kill the adder!
Your foxfire dissipates!
Your foxfire dissipates! x2
A sleepcap comes into view.
Found a scroll labelled HUKISU HO EDD.
A sleepcap is nearby!
Casting: Foxfire (safe; 4% risk of failure)
Confirm with . or Enter, or press ? or * to list all spells.
Flames lash the sleepcap.
The sleepcap is lightly damaged.
The sleepcap's fire resistance burns away.
You hear an angry hiss. x2
An adder comes into view.
A giant cockroach comes into view.
The sleepcap barely misses you.
Casting: Scorch (safe; 7% risk of failure)
Confirm with . or Enter, or press ? or * to list all spells.
Flames lash the giant cockroach.
You kill the giant cockroach!
You hear an angry hiss.
An iguana comes into view.
The sleepcap closely misses you.
Casting: Scorch (safe; 7% risk of failure)
Confirm with . or Enter, or press ? or * to list all spells.
Flames lash the sleepcap.
The sleepcap is burned terribly!
The sleepcap is moderately damaged.
The sleepcap releases spores at you but does no damage.
Casting: Scorch (safe; 7% risk of failure)
Confirm with . or Enter, or press ? or * to list all spells.
Flames lash the sleepcap.
The sleepcap is burned terribly!
The sleepcap is severely damaged.
The sleepcap releases spores at you.
Casting: Scorch (safe; 7% risk of failure)
Confirm with . or Enter, or press ? or * to list all spells.
You miscast Scorch.
You are very lightly contaminated with residual magic.
Nothing appears to happen.
The adder misses you. You block the adder's attack.
The sleepcap closely misses you.
Casting: Scorch (safe; 7% risk of failure)
Confirm with . or Enter, or press ? or * to list all spells.
Flames lash the adder.
The adder is severely wounded.
The adder's fire resistance burns away.
You block the adder's attack. The sleepcap barely misses you.
Casting: Scorch (safe; 7% risk of failure)
Confirm with . or Enter, or press ? or * to list all spells.
Flames lash the adder.
The adder is burned terribly!
You kill the adder!
The sleepcap closely misses you.
Casting: Scorch (safe; 6% risk of failure)
Confirm with . or Enter, or press ? or * to list all spells.
Flames lash the iguana.
The iguana is moderately wounded.
The iguana's fire resistance burns away.
The sleepcap barely misses you. The iguana misses you.
Casting: Scorch (safe; 6% risk of failure)
Confirm with . or Enter, or press ? or * to list all spells.
Flames lash the iguana.
The iguana is burned terribly!
The iguana is almost dead.
The iguana bites you!
* * * LOW HITPOINT WARNING * * *
The sleepcap completely misses you.
Casting: Scorch (safe; 6% risk of failure)
Confirm with . or Enter, or press ? or * to list all spells.
Flames lash the sleepcap.
The sleepcap is burned terribly!
You destroy the sleepcap!
* * * LOW HITPOINT WARNING * * *
The iguana bites you!
You die...

.......#...####.###..
........#.#...........
#..+.....######......
.# #........# #######
.?.##..#...# #.###
#...# ...##...#
#.#....# #@##..#
#l?.#..# .†#.##..#
..####. ..# ## # ..#
..# .$#


You could see an iguana (combustible).

Vanquished Creatures
  A jelly (D:4)
  A gnoll bouda (D:3)
  A sleepcap (D:4)
  Natasha (thrice) (D:3)
  5 adders
  3 gnolls (D:3)
  2 worms
  A dart slug (D:1)
  9 ball pythons
  4 endoplasms
  5 giant cockroaches
  10 goblins
  7 hobgoblins
  5 jackals (D:1)
  7 kobolds
  3 quokkas
  5 bats
  3 frilled lizards
  4 rats
79 creatures vanquished.

Vanquished Creatures (others)
  241 foxfires
  5 plants (D:3)
246 creatures vanquished.

Grand Total: 325 creatures vanquished

Notes
Turn   | Place    | Note
-------+----------+-------------------------------------------
     0 | D:1      | RascalDebosk the Djinni Fire Elementalist began the quest
                  | for the Orb.
     0 | D:1      | RascalDebosk set off with the following spells memorised:
                  | Foxfire, Scorch, Volatile Blastmotes, Inner Flame, Flame
                  | Wave.
     0 | D:1      | Reached XP level 1. HP: 15/15 MP: 0/0
    95 | D:1      | Reached XP level 2. HP: 20/22 MP: 0/0
   148 | D:1      | Reached skill level 1 in Fighting
   302 | D:1      | Found a faded altar of an unknown god.
   329 | D:1      | Upgraded the game from 0.31-a0-1-g4198be8af4 to
                  | 0.31-a0-4-gefa6de2278
   537 | D:1      | Reached XP level 3. HP: 21/27 MP: 0/0
   537 | D:1      | Learned a level 1 spell: Summon Small Mammal
   593 | D:1      | Reached skill level 1 in Armour
   850 | D:2      | Reached XP level 4. HP: 27/33 MP: 0/0
  1521 | D:3      | Found Qojae's Weapon Emporium.
  1662 | D:3      | Noticed Natasha
  1666 | D:3      | Killed Natasha
  1667 | D:3      | Reached XP level 5. HP: 35/39 MP: 0/0
  1667 | D:3      | Learned a level 2 spell: Static Discharge
  1668 | D:3      | Noticed Natasha
  1672 | D:3      | Killed Natasha
  1757 | D:3      | Noticed Natasha
  1763 | D:3      | Killed Natasha
  1772 | D:3      | Reached XP level 6. HP: 14/46 MP: 0/0
  2241 | D:3      | Found a glowing golden altar of the Shining One.
  2366 | D:3      | Found Fiehup's Antique Armour Shop.
  2892 | D:4      | Slain by an iguana

Illustrated notes

Levels and vault maps discovered:
D:1:      evilmike_arrival_plus, layout_loops_cross,
          hellmonk_ecumenical_altar_run_dry, hangedman_decor_growths,
          minmay_domino_2
D:2:      layout_basic, serial_glass, glass_columns_a, glass_columns_b,
          glass_columns_a, glass_columns_a, glass_columns_b, glass_columns_a,
          glass_columns_b, glass_columns_c, glass_columns_a, glass_columns_a
D:3:      layout_basic, nicolae_tso_carved_into_rock, serial_shops, shop,
          nicolae_square_shop, nicolae_grassy_gnolls, uniq_natasha
D:4:      layout_basic, minmay_pentomino_pile

Skill      XL: |  1  2  3  4  5 |
---------------+----------------+-----
Fighting       | 1 2 3 |  3.6
Armour         | 1 2 |  2.5
Spellcasting   | 3 |  3.8
Dodging        | |  2.1
Stealth        | |  1.5

Action                     |  1- 3 |  4- 6 || total
---------------------------+-------+-------++-------
  Melee: Dagger            |     2 |     4 ||     6
         Punch             |       |     1 ||     1
   Cast: Foxfire           |    56 |    96 ||   152
         Scorch            |     9 |    23 ||    32
         Volatile Blastmot |       |     3 ||     3
         Inner Flame       |       |     3 ||     3
 Armour: Robe              |     2 |       ||     2
         Leather armour    |       |     3 ||     3
  Dodge: Dodged            |    10 |    19 ||    29
  Block: Other             |       |     4 ||     4

Table legend: (Time is in decaauts)
 A = Elapsed time spent in this place.
 B = Non-inter-level travel time spent in this place.
 C = Inter-level travel time spent in this place.
 D = Time resting spent in this place.
 E = Time spent auto-exploring this place.
 F = Levels seen in this place.
 G = Mean time per level.
                   A        B        C        D        E       F      G
               +--------+--------+--------+--------+--------+-----+--------+
         Total |   2891 |   2840 |     51 |    320 |   1819 |   4 |  722.8 |
       Dungeon |   2891 |   2840 |     51 |    320 |   1819 |   4 |  722.8 |
               +--------+--------+--------+--------+--------+-----+--------+

Top non-repeatable levels by time:
     D:2: 885 daAuts
     D:3: 785 daAuts
     D:1: 778 daAuts
     D:4: 442 daAuts
